 Dungeon Crawl Stone Soup version 0.18.1-5-g4a78601 (webtiles) character file.

67 Esekla the Magician (level 4, 0/32 HPs)
             Began as a Formicid Wizard on May 12, 2016.
             Killed from afar by an orc wizard (10 damage)
             ... with a puff of flame
             ... on level 2 of the Dungeon on May 13, 2016.
             The game lasted 00:46:56 (2420 turns).

Esekla the Magician (Formicid Wizard)               Turns: 2420, Time: 00:46:56

Health: 0/32       AC:  2    Str: 12    XL:     4   Next: 38%
Magic:  9/9        EV: 12    Int: 18    God:
Gold:   99         SH:  0    Dex:  9    Spells: 4 memorised, 2 levels left

rFire  . . .     SeeInvis +     h - +0 short sword
rCold  . . .     Gourm    .     a - +0 robe
rNeg   . . .     Faith    .     (no shield)
rPois  .         Spirit   .     (helmet unavailable)
rElec  .         Dismiss  .     (no cloak)
rCorr  .         Reflect  .     (no gloves)
SustAt .         Harm     .     (no boots)
MR     .....                    (no amulet)
Stlth  ++........               (no ring)
                                (no ring)

@: repel missiles, not resistant to hostile enchantments, unstealthy
A: permanent stasis, dig shafts and tunnels, four strong arms, antennae 3
a: Dig, Shaft Self


You were on level 2 of the Dungeon.
You were not hungry.

You visited 1 branch of the dungeon, and saw 3 of its levels.

You collected 99 gold pieces.

Inventory:

Hand Weapons
 c - a +0 dagger
 h - a +0 short sword (weapon)
 m - a +0 dagger
 n - a +0 spear
 v - a +0 dagger
Missiles
 e - 79 stones (quivered)
 p - 3 tomahawks
Armour
 a - a +0 robe (worn)
 r - a +0 ring mail
 s - a +0 robe
Scrolls
 f - 2 scrolls of identify {unknown}
 i - 2 scrolls of remove curse {unknown}
 l - a scroll of immolation {unknown}
 o - 2 scrolls of enchant armour {unknown}
 t - 3 scrolls of teleportation {unknown}
Potions
 d - a potion of lignification {unknown}
 g - a potion of flight {unknown}
 k - a potion of curing {unknown}
 u - a potion of resistance {unknown}
Books
 b - a book of Minor Magic

   Spells                             Type                      Level
   a - Magic Dart                     Conjuration                  1
   b - Blink                          Translocation                2
   c - Call Imp                       Summoning                    2
   d - Repel Missiles                 Charms/Air                   2
   e - Slow                           Hexes                        2
   f - Conjure Flame                  Conjuration/Fire             3
   g - Mephitic Cloud                 Conjuration/Poison/Air       3
Comestibles
 j - 2 meat rations


   Skills:
 - Level 1.0 Fighting
 - Level 2.0 Short Blades
 - Level 1.7 Dodging
 - Level 2.4 Stealth
 - Level 3.5 Spellcasting
 + Level 1.0 Conjurations
 * Level 0.5 Hexes
 + Level 1.2 Charms
   Level 1.0 Summonings
   Level 0.8 Translocations
 * Level 0.4 Air Magic
 * Level 1.1 Poison Magic


You had 2 spell levels left.
You knew the following spells:

 Your Spells              Type           Power        Failure   Level  Hunger
a - Magic Dart            Conj           #...         12%         1    None
b - Repel Missiles        Chrm/Air       #.....       17%         2    ##.....
c - Mephitic Cloud        Conj/Pois/Air  #.......     34%         3    ###....
d - Slow                  Hex            #.......     21%         2    ##.....


Dungeon Overview and Level Annotations

Branches:
Dungeon (3/15)

Altars:
Cheibriados
Dithmenos
Elyvilon
Fedhas
Qazlal
Zin
The Shining One


Innate Abilities, Weirdness & Mutations

You are under a permanent stasis effect.
You can dig through walls and to a lower floor.
Your four strong arms can wield two-handed weapons with a shield.
You have a pair of large antennae on your head (SInv).


Message History

You hit the orc wizard.
The orc wizard is heavily wounded.
The orc wizard points at you and mumbles some strange words.
The puff of frost misses you.
You hit the orc wizard.
The orc wizard is severely wounded.
The orc wizard hits you with a dagger.
The orc wizard mumbles some strange words.
The orc wizard flickers and vanishes for a moment.
You barely miss the orc wizard.
The orc wizard is severely wounded.
The orc wizard hits you but does no damage.
The orc throws a tomahawk.
The tomahawk misses the orc wizard.
The tomahawk barely misses you.
You hit the orc wizard but do no damage.
The orc wizard is severely wounded.
The orc wizard barely misses you.
The orc wizard points at you and mumbles some strange words.
The puff of flame hits you!
You die...

##.##.# ♣...⌠...♣ #.[..###.# #.
......## ♣._..._.♣ ###...##.# #.
.......# ♣..._...♣ ##.....#.# #.
.#.....# ♣♣.....♣♣ ##...o....###.
....#..###♣♣♣♣♣♣♣###.............
..................>'..o..........
..##.#.######...o###.........###.
.......# ##..#o# ##.......## ##
.####### ##.#.#@# ##...o.## .#
##.###..# ##...## .# #.## ##.#
##+## .# ##.###.## #.# .# ##.#.##
#.# .# ##.## ###.## .#
#.########....## .#
#........<.....###### .#
###########..........


You could see an orc wizard (invisible) and an orc.

Vanquished Creatures
  An adder (D:2)
  3 worms
  A dart slug (D:2)
  An orc (D:3)
  A ball python (D:2)
  4 giant cockroaches
  6 goblins
  2 hobgoblins
  2 quokkas (D:2)
  6 bats
  5 giant newts
  5 kobolds
  9 rats
46 creatures vanquished.

Notes
Turn   | Place    | Note
--------------------------------------------------------------
     0 | D:1      | Esekla the Formicid Wizard began the quest for the Orb.
     0 | D:1      | Reached XP level 1. HP: 13/13 MP: 4/4
    81 | D:1      | Reached skill level 1 in Fighting
   295 | D:1      | Reached skill level 1 in Conjurations
   596 | D:1      | Reached XP level 2. HP: 21/21 MP: 4/6
   734 | D:1      | Reached skill level 1 in Short Blades
  1018 | D:2      | Reached XP level 3. HP: 24/26 MP: 4/7
  1085 | D:2      | Learned a level 2 spell: Repel Missiles
  1089 | D:2      | Learned a level 3 spell: Mephitic Cloud
  1092 | D:2      | Learned a level 2 spell: Slow
  1292 | D:2      | Found a stormy altar of Qazlal.
  1296 | D:2      | Found a blossoming altar of Fedhas.
  1339 | D:2      | Found a shadowy altar of Dithmenos.
  1510 | D:2      | Reached XP level 4. HP: 16/32 MP: 6/9
  1655 | D:1      | Reached skill level 1 in Charms
  1809 | D:2      | Found a white marble altar of Elyvilon.
  1810 | D:2      | Found a glowing golden altar of the Shining One.
  1811 | D:2      | Found a glowing silver altar of Zin.
  2200 | D:3      | Reached skill level 1 in Poison Magic
  2223 | D:3      | Found a snail-covered altar of Cheibriados.
  2420 | D:2      | Killed from afar by an orc wizard

Skill      XL: |  1  2  3  4 |
---------------+-------------+-----
Fighting       | 1 |  1.0
Conjurations   | 1 |  1.0
Short Blades   | 1 2 |  2.0
Charms         | 1 |  1.2
Poison Magic   | 1 |  1.1
Dodging        | |  1.7
Stealth        | |  2.4
Spellcasting   | |  3.5
Hexes          | |  0.5
Summonings     | |  1.0
Translocations | |  0.8
Air Magic      | |  0.4

Action                   |  1- 3 |  4- 6 || total
-------------------------+-------+-------++-------
Melee: Unarmed           |    39 |       ||    39
       Short sword       |    90 |    61 ||   151
Throw: Stone             |    32 |    23 ||    55
 Cast: Magic Dart        |    19 |     4 ||    23
       Slow              |     1 |     1 ||     2
       Repel Missiles    |       |     1 ||     1
 Stab: Sleeping          |     6 |     1 ||     7
  Eat: Bread ration      |     1 |     1 ||     2
Armor: Robe              |    34 |    10 ||    44
Dodge: Dodged            |    94 |    33 ||   127
